AoeStats
← wugabor

Arena

510550226Analyzed
2v2 RM · 2d ago on Oct 1, 2026· 60m 55s· 4 players
Game mode
Random Map
Map size
Medium (4 player)
Population
200
Speed
Normal
Resources
Standard
Victory
Conquest
Starting age
Dark Age
Ending age
Imperial Age
RankedLock teamsTeams togetherTeam positionsShared explorationLock speedFull tech treeHidden civsTurbo modeCheats
Victory
Defeat
🇹🇷 Muisca · Türkiye
1233
+16
🇫🇷 Byzantines · France
1232
+16
🇨🇳 Inca · China
1309
-19
🇭🇺 Romans · Hungary
1165
-13
notagoodplayer
11:20 Feudal Age
15:23 Castle Age
13:36 Double-Bit Axe
13:59 Horse Collar
16:28 Wheelbarrow
16:22 Bow Saw
24:03 Fletching
25:39 Bodkin Arrow
31:50 Gold Mining
31:48 Loom
31:56 Town Watch
32:31 Heavy Plow
33:45 Padded Archer Armor
35:03 Leather Archer Armor
36:01 Ballistics
41:01 Imperial Age
40:53 Masonry
40:23 Treadmill Crane
40:59 Scale Mail Armor
41:09 Forging
42:05 Bracer
43:09 Chemistry
43:39 Thumb Ring
44:31 Chain Mail Armor
44:51 Iron Casting
44:39 Conscription
47:11 Two-Man Saw
46:42 Crop Rotation
46:29 Squires
47:13 Huaracas
47:11 Herbalism
49:05 Elite Temple Guard
50:19 Plate Mail Armor
51:34 Elite Guecha Warrior
54:26 Hand Cart
54:11 Town Patrol
Nath36
10:06 Feudal Age
14:21 Castle Age
12:58 Double-Bit Axe
19:20 Loom
20:24 Wheelbarrow
20:54 Horse Collar
21:26 Bow Saw
22:07 Light Cavalry
24:26 Scale Barding Armor
24:32 Forging
27:20 Chain Barding Armor
30:11 Imperial Age
28:25 Iron Casting
31:32 Plate Barding Armor
32:05 Heavy Plow
32:07 Fletching
32:42 Ballistics
32:06 Treadmill Crane
33:20 Conscription
34:54 Chemistry
35:03 Logistica
38:04 Bodkin Arrow
39:28 Elite Cataphract
39:36 Elite Skirmisher
40:22 Thumb Ring
40:18 Bracer
40:41 Padded Archer Armor
42:44 Leather Archer Armor
44:17 Ring Archer Armor
44:46 Murder Holes
46:31 Guard Tower
49:34 Keep
50:38 Bombard Tower
50:04 Arrowslits
53:20 Coinage
59:19 Banking
wugabor
10:51 Feudal Age
15:19 Castle Age
13:42 Double-Bit Axe
13:35 Man-at-Arms
15:17 Scale Mail Armor
15:31 Horse Collar
16:53 Squires
18:04 Long Swordsman
21:13 Chain Mail Armor
25:14 Forging
30:16 Wheelbarrow
35:23 Imperial Age
33:12 Gold Mining
33:03 Pikeman
36:33 Legionary
38:55 Iron Casting
42:27 Capped Ram
44:41 Gold Shaft Mining
Respected Mr.Lang
10:27 Feudal Age
10:38 Loom
14:41 Castle Age
13:58 Double-Bit Axe
13:55 Horse Collar
14:04 Town Watch
21:59 Fletching
24:52 Wheelbarrow
25:30 Bow Saw
26:00 Bodkin Arrow
26:06 Padded Archer Armor
27:59 Hand Cart
27:47 Heavy Plow
27:40 Gold Mining
27:43 Stone Mining
30:45 Imperial Age
29:15 Squires
29:01 Arson
30:30 Scale Mail Armor
30:40 Forging
31:38 Chain Mail Armor
30:49 Capped Ram
30:57 Elite Kamayuk
31:58 Conscription
31:52 Bracer
33:54 Gold Shaft Mining
33:55 Stone Shaft Mining
33:11 Siege Ram
34:37 Plate Mail Armor
34:43 Iron Casting
39:09 Ballistics
39:50 Chemistry
38:46 Murder Holes
39:01 Fortified Wall
38:27 Crossbowman
39:13 Thumb Ring
39:29 Leather Archer Armor
40:15 Blast Furnace
39:10 Arbalester
40:53 Ring Archer Armor
45:27 Crop Rotation
45:35 Elite Skirmisher
51:28 Andean Sling
Connection lost

Rejoining the realm…

Still unreachable

The connection could not be restored.

Session expired

The server has moved on; the page needs a fresh start.